[Event "GER-ch Youth U16w 2019"]
[Site "Willingen"]
[Date "2019.06.09"]
[Round "2.11"]
[White "Stowicek, Yara Mathilda"]
[Black "Huppert, Anna"]
[Result "1/2-1/2"]
[ECO "C06"]
[WhiteElo "1692"]
[BlackElo "1515"]
[Annotator "NA"]
[PlyCount "62"]
[EventDate "2019.06.07"]
[EventType "swiss"]
[EventRounds "9"]
[EventCountry "GER"]
[SourceTitle "playchess.com"]
[Source "ChessBase"]
[SourceQuality "1"]
[TimeControl "40/5400+30:1800+30"]

1. e4 e6 2. d4 d5 3. Nd2 Nf6 4. e5 Nfd7 5. Bd3 c5 6. c3 Nc6 7. Ne2 cxd4 8. cxd4 f6 9. exf6 Nxf6 10. Nf3 Bd6 11. O-O Qc7 12. Nc3 a6 13. Bg5 O-O 14. Re1 Bd7 15. Rc1 Rae8 16. Bb1 Re7 17. Bh4 Be8 18. Bg3 Bxg3 19. hxg3 Bh5 20. Na4 Qd6 21. Qd2 e5 22. dxe5 Nxe5 23. Nxe5 Rxe5 24. Rxe5 Qxe5 25. Nc5 Qe7 26. Bf5 Bf7 27. Qb4 Qe5 28. Bd3 Rb8 29. Re1 Qc7 30. Bf5 a5 31. Qd4 Kf8 {[%emt 0:04:52] normal} 1/2-1/2

[Event "GER-ch Youth U16w 2019"]
[Site "Willingen"]
[Date "2019.06.09"]
[Round "2.13"]
[White "Peschel, Julia"]
[Black "Sinnhoefer, Lilian"]
[Result "0-1"]
[ECO "C54"]
[WhiteElo "1275"]
[BlackElo "1396"]
[Annotator "NA"]
[PlyCount "54"]
[EventDate "2019.06.07"]
[EventType "swiss"]
[EventRounds "9"]
[EventCountry "GER"]
[SourceTitle "playchess.com"]
[Source "ChessBase"]
[SourceQuality "1"]
[TimeControl "40/5400+30:1800+30"]

1. e4 e5 2. Nf3 Nc6 3. Bc4 Bc5 4. c3 Nf6 5. d3 h6 6. Bb3 d6 7. Nbd2 Bg4 8. h3 Bh5 9. Nf1 d5 10. exd5 Nxd5 11. Ng3 Bg6 12. O-O Nde7 13. Bc2 Qd6 14. Re1 O-O 15. Be3 Bxe3 16. Rxe3 Nd5 17. Re1 Nf4 18. Ne4 Bxe4 19. Rxe4 f5 20. Re1 Qg6 21. g3 Nxh3+ 22. Kf1 f4 23. d4 Qg4 24. Nh4 fxg3 25. Re4 Qxd1+ 26. Bxd1 Rxf2+ 27. Ke1 g2 {[%emt 0:01:04] normal} 0-1

[Event "GER-ch Youth U16w 2019"]
[Site "Willingen"]
[Date "2019.06.10"]
[Round "3.1"]
[White "Muedder, Melanie"]
[Black "Wagner, Victoria"]
[Result "1-0"]
[ECO "B90"]
[WhiteElo "1912"]
[BlackElo "1808"]
[Annotator "NA"]
[PlyCount "35"]
[EventDate "2019.06.07"]
[EventType "swiss"]
[EventRounds "9"]
[EventCountry "GER"]
[SourceTitle "playchess.com"]
[Source "ChessBase"]
[SourceQuality "1"]
[TimeControl "40/5400+30:1800+30"]

1. e4 c5 2. Nf3 d6 3. d4 cxd4 4. Nxd4 Nf6 5. Nc3 a6 6. h3 e5 7. Nb3 h5 8. Bg5 Be7 9. Be2 g6 10. Qd2 Nbd7 11. Be3 b5 12. a4 b4 13. Nd5 a5 14. Bb5 Nxd5 15. Qxd5 Rb8 16. Nxa5 O-O 17. Nc6 Bb7 18. Bh6 {[%emt 0:05:44] normal} 1-0

[Event "GER-ch Youth U16w 2019"]
[Site "Willingen"]
[Date "2019.06.10"]
[Round "3.2"]
[White "Fock, Amina"]
[Black "Bardorz, Jana"]
[Result "0-1"]
[ECO "C77"]
[WhiteElo "1723"]
[BlackElo "1769"]
[Annotator "NA"]
[PlyCount "42"]
[EventDate "2019.06.07"]
[EventType "swiss"]
[EventRounds "9"]
[EventCountry "GER"]
[SourceTitle "playchess.com"]
[Source "ChessBase"]
[SourceQuality "1"]
[TimeControl "40/5400+30:1800+30"]

1. e4 e5 2. Nf3 Nc6 3. Bb5 a6 4. Ba4 Nf6 5. d3 b5 6. Bb3 Be7 7. c3 d6 8. O-O O-O 9. h3 Na5 10. Bc2 c5 11. Nbd2 Be6 12. Re1 Qc7 13. Nf1 Nc6 14. Ng3 h6 15. Nh2 d5 16. Qf3 c4 17. dxc4 bxc4 18. exd5 Bxd5 19. Ne4 Ne8 20. Qg3 f5 21. Nd2 Bd6 {[%emt 0:03:47] normal} 0-1

[Event "GER-ch Youth U16w 2019"]
[Site "Willingen"]
[Date "2019.06.10"]
[Round "3.3"]
[White "Bui, Ngoc Han Julia"]
[Black "Rothenberg, Nina"]
[Result "0-1"]
[ECO "C11"]
[WhiteElo "1973"]
[BlackElo "1653"]
[Annotator "NA"]
[PlyCount "57"]
[EventDate "2019.06.07"]
[EventType "swiss"]
[EventRounds "9"]
[EventCountry "GER"]
[SourceTitle "playchess.com"]
[Source "ChessBase"]
[SourceQuality "1"]
[TimeControl "40/5400+30:1800+30"]

1. e4 e6 2. d4 d5 3. Nc3 Nf6 4. e5 Nfd7 5. f4 c5 6. Nf3 Nc6 7. Be3 Be7 8. Qd2 O-O 9. dxc5 Qa5 10. O-O-O b6 11. Bb5 Nb4 12. Kb1 Nxa2 13. Nxd5 exd5 14. Qxa5 bxa5 15. Kxa2 Bxc5 16. Rhe1 Bxe3 17. Rxe3 Nb6 18. b3 Bf5 19. Bd3 Bg4 20. h3 d4 21. Ree1 Bxf3 22. gxf3 Nd5 23. Be4 Nc3+ 24. Ka1 Nxd1 25. Bxa8 Ne3 26. Be4 Rd8 27. Re2 g6 28. Rd2 Nf1 29. Rd3 {[%emt 0:02:14] normal} 0-1

[Event "GER-ch Youth U16w 2019"]
[Site "Willingen"]
[Date "2019.06.10"]
[Round "3.4"]
[White "Ziegenfuss, Larissa"]
[Black "Brunner, Sophia"]
[Result "0-1"]
[ECO "C06"]
[WhiteElo "1771"]
[BlackElo "1839"]
[Annotator "NA"]
[PlyCount "38"]
[EventDate "2019.06.07"]
[EventType "swiss"]
[EventRounds "9"]
[EventCountry "GER"]
[SourceTitle "playchess.com"]
[Source "ChessBase"]
[SourceQuality "1"]
[TimeControl "40/5400+30:1800+30"]

1. e4 e6 2. d4 d5 3. Nd2 Nf6 4. e5 Nfd7 5. Bd3 c5 6. c3 Nc6 7. Ne2 cxd4 8. cxd4 f6 9. Nf4 Nxd4 10. Qh5+ Ke7 11. Ng6+ hxg6 12. exf6+ Nxf6 13. Qxh8 Kf7 14. Qh4 e5 15. O-O Bd6 16. Nb3 Nf5 17. Bxf5 Bxf5 18. Bg5 Qh8 19. Qa4 Ne4 {[%emt 0:16:05] normal} 0-1

[Event "GER-ch Youth U16w 2019"]
[Site "Willingen"]
[Date "2019.06.10"]
[Round "3.5"]
[White "Klemke, Kassandra"]
[Black "Glinzner, Alva"]
[Result "1/2-1/2"]
[ECO "B43"]
[WhiteElo "1662"]
[BlackElo "1833"]
[Annotator "NA"]
[PlyCount "57"]
[EventDate "2019.06.07"]
[EventType "swiss"]
[EventRounds "9"]
[EventCountry "GER"]
[SourceTitle "playchess.com"]
[Source "ChessBase"]
[SourceQuality "1"]
[TimeControl "40/5400+30:1800+30"]

1. e4 c5 2. Nf3 e6 3. d4 cxd4 4. Nxd4 a6 5. Nc3 Qc7 6. g3 Bb4 7. Bd2 Nf6 8. Bg2 O-O 9. O-O Be7 10. Re1 d6 11. Qe2 Nbd7 12. Rad1 Rb8 13. Nf3 b5 14. e5 dxe5 15. Nxe5 Nxe5 16. Qxe5 Bd6 17. Qe2 Bb7 18. Bg5 Bxg2 19. Kxg2 Be7 20. Bf4 Qc6+ 21. Kg1 Rbc8 22. Rd2 Bb4 23. Be5 Ne8 24. Qg4 Be7 25. Red1 Bf6 26. Bxf6 Nxf6 27. Qf4 Qb7 28. a3 h6 29. h4 {[%emt 0:00:29] normal} 1/2-1/2

[Event "GER-ch Youth U16w 2019"]
[Site "Willingen"]
[Date "2019.06.10"]
[Round "3.6"]
[White "Khamenya, Vitalia"]
[Black "Meijerink, Inken"]
[Result "1-0"]
[ECO "B38"]
[WhiteElo "1877"]
[BlackElo "1681"]
[Annotator "NA"]
[PlyCount "46"]
[EventDate "2019.06.07"]
[EventType "swiss"]
[EventRounds "9"]
[EventCountry "GER"]
[SourceTitle "playchess.com"]
[Source "ChessBase"]
[SourceQuality "1"]
[TimeControl "40/5400+30:1800+30"]

1. e4 c5 2. Nf3 Nc6 3. d4 cxd4 4. Nxd4 g6 5. c4 Bg7 6. Be3 Nf6 7. Nc3 O-O 8. Be2 d6 9. O-O Bd7 10. Nc2 Rc8 11. f3 Ne8 12. Qd2 Nc7 13. Rac1 b6 14. b3 Be6 15. Nd5 Bxd5 16. cxd5 Ne5 17. Nd4 a6 18. f4 Nd7 19. Nc6 Qe8 20. Na7 Ra8 21. Rxc7 Qd8 22. Rb7 Bf6 23. Nc6 Qe8 {[%emt 0:03:06] normal} 1-0

[Event "GER-ch Youth U16w 2019"]
[Site "Willingen"]
[Date "2019.06.10"]
[Round "3.7"]
[White "Basovskiy, Jana"]
[Black "Schneider, Katharina"]
[Result "1/2-1/2"]
[ECO "C54"]
[WhiteElo "1761"]
[BlackElo "1784"]
[Annotator "NA"]
[PlyCount "47"]
[EventDate "2019.06.07"]
[EventType "swiss"]
[EventRounds "9"]
[EventCountry "GER"]
[SourceTitle "playchess.com"]
[Source "ChessBase"]
[SourceQuality "1"]
[TimeControl "40/5400+30:1800+30"]

1. e4 e5 2. Nf3 Nc6 3. Bc4 Bc5 4. c3 Nf6 5. d3 O-O 6. Nbd2 d5 7. Bb3 dxe4 8. Nxe4 Be7 9. O-O Nd5 10. Re1 Nb6 11. a4 Bg4 12. h3 Bf5 13. Bc2 Bd6 14. Nxd6 Qxd6 15. b4 f6 16. Ba3 Ne7 17. b5 Qd7 18. d4 Rfe8 19. dxe5 Qxd1 20. Bxd1 Ned5 21. Bb3 Kh8 22. exf6 Nxf6 23. Ne5 Nbd5 24. g4 {[%emt 0:06:02] normal} 1/2-1/2

[Event "GER-ch Youth U16w 2019"]
[Site "Willingen"]
[Date "2019.06.10"]
[Round "3.8"]
[White "Rudolph, Eva"]
[Black "Berelowitsch, Dana"]
[Result "0-1"]
[ECO "C15"]
[WhiteElo "1786"]
[BlackElo "1753"]
[Annotator "NA"]
[PlyCount "48"]
[EventDate "2019.06.07"]
[EventType "swiss"]
[EventRounds "9"]
[EventCountry "GER"]
[SourceTitle "playchess.com"]
[Source "ChessBase"]
[SourceQuality "1"]
[TimeControl "40/5400+30:1800+30"]

1. e4 e6 2. d4 d5 3. Nc3 Bb4 4. exd5 exd5 5. Bd3 Nc6 6. a3 Ba5 7. Nge2 Nf6 8. O-O Be6 9. Bg5 h6 10. Be3 Qd7 11. Re1 O-O 12. Ng3 Rfe8 13. b4 Bb6 14. Nce2 a5 15. c3 Ne7 16. Qc2 axb4 17. axb4 c6 18. Nf4 Rxa1 19. Rxa1 Bg4 20. f3 Be6 21. Nfh5 Nxh5 22. Nxh5 Nf5 23. Bf2 Bc7 24. g4 Ne7 {[%emt 0:12:04] normal} 0-1

[Event "GER-ch Youth U16w 2019"]
[Site "Willingen"]
[Date "2019.06.10"]
[Round "3.9"]
[White "Sinnhoefer, Lilian"]
[Black "Stowicek, Yara Mathilda"]
[Result "0-1"]
[ECO "C68"]
[WhiteElo "1396"]
[BlackElo "1692"]
[Annotator "NA"]
[PlyCount "55"]
[EventDate "2019.06.07"]
[EventType "swiss"]
[EventRounds "9"]
[EventCountry "GER"]
[SourceTitle "playchess.com"]
[Source "ChessBase"]
[SourceQuality "1"]
[TimeControl "40/5400+30:1800+30"]

1. e4 e5 2. Nf3 Nc6 3. Bb5 a6 4. Bxc6 dxc6 5. O-O Bg4 6. h3 h5 7. d3 Qf6 8. Nbd2 Bd6 9. Re1 Be6 10. d4 Qg6 11. Nh4 Qh7 12. Ndf3 f6 13. dxe5 Bxe5 14. Nxe5 fxe5 15. Nf3 Bg4 16. Kf1 Bxf3 17. Qxf3 O-O-O 18. Bg5 Re8 19. Rad1 Qg6 20. Qf5+ Qxf5 21. exf5 Nf6 22. f4 exf4 23. Rxe8+ Rxe8 24. Bxf6 gxf6 25. Rd4 f3 26. gxf3 Re5 27. f4 Rxf5 28. Kf2 {[%emt 0:00:37] normal} 0-1

[Event "GER-ch Youth U16w 2019"]
[Site "Willingen"]
[Date "2019.06.10"]
[Round "3.10"]
[White "Huppert, Anna"]
[Black "Sokolowski, Judith"]
[Result "0-1"]
[ECO "B23"]
[WhiteElo "1515"]
[BlackElo "1749"]
[Annotator "NA"]
[PlyCount "39"]
[EventDate "2019.06.07"]
[EventType "swiss"]
[EventRounds "9"]
[EventCountry "GER"]
[SourceTitle "playchess.com"]
[Source "ChessBase"]
[SourceQuality "1"]
[TimeControl "40/5400+30:1800+30"]

1. e4 c5 2. Nc3 e6 3. f4 d5 4. e5 Nc6 5. Bb5 Nge7 6. Nf3 a6 7. Bxc6+ Nxc6 8. O-O Be7 9. d3 O-O 10. Qe1 b5 11. Ne2 Bb7 12. Ng3 Qd7 13. Nh5 f5 14. exf6 Bxf6 15. c3 d4 16. cxd4 Bxd4+ 17. Nxd4 Nxd4 18. Qd1 Rad8 19. Be3 Qd5 20. Qg4 {[%emt 0:10:25] normal} 0-1

[Event "GER-ch Youth U16w 2019"]
[Site "Willingen"]
[Date "2019.06.10"]
[Round "3.11"]
[White "Wucherer, Sophie"]
[Black "Zell, Hannah"]
[Result "0-1"]
[ECO "A80"]
[WhiteElo "1496"]
[BlackElo "1473"]
[Annotator "NA"]
[PlyCount "46"]
[EventDate "2019.06.07"]
[EventType "swiss"]
[EventRounds "9"]
[EventCountry "GER"]
[SourceTitle "playchess.com"]
[Source "ChessBase"]
[SourceQuality "1"]
[TimeControl "40/5400+30:1800+30"]

1. d4 f5 2. Nf3 Nf6 3. Bf4 g6 4. c4 Bg7 5. Nc3 O-O 6. e3 d6 7. Be2 Nbd7 8. Qc2 a6 9. Rd1 Qe8 10. d5 e5 11. dxe6 Qxe6 12. Nd5 Nxd5 13. cxd5 Qf6 14. Qxc7 Qxb2 15. Nd4 Bxd4 16. Rxd4 Nf6 17. Bh6 Bd7 18. Bf3 Rac8 19. Qa5 Rc1+ 20. Bd1 Bb5 21. Qd2 Qxd2+ 22. Rxd2 Rfc8 23. f3 Bc4 {[%emt 0:01:18] normal} 0-1

[Event "GER-ch Youth U16w 2019"]
[Site "Willingen"]
[Date "2019.06.10"]
[Round "3.12"]
[White "Jacoby, Angelina"]
[Black "Peschel, Julia"]
[Result "0-1"]
[ECO "D30"]
[WhiteElo "1412"]
[BlackElo "1275"]
[Annotator "NA"]
[PlyCount "57"]
[EventDate "2019.06.07"]
[EventType "swiss"]
[EventRounds "9"]
[EventCountry "GER"]
[SourceTitle "playchess.com"]
[Source "ChessBase"]
[SourceQuality "1"]
[TimeControl "40/5400+30:1800+30"]

1. d4 d5 2. c4 e6 3. e3 Nf6 4. Nf3 Be7 5. Nc3 O-O 6. Be2 a6 7. O-O dxc4 8. Bxc4 b5 9. Bd3 Bb7 10. a3 Nbd7 11. Qe2 c5 12. b3 Rc8 13. Bb2 Qc7 14. h3 Rfd8 15. Rfd1 Nb6 16. dxc5 Qxc5 17. Rac1 Qh5 18. Nd4 Qg5 19. Nf3 Qh6 20. Nh2 Bd6 21. Ng4 Nxg4 22. Qxg4 f5 23. Qe2 Qg5 24. Qf1 f4 25. exf4 Qxf4 26. g3 Qf3 27. Kh2 h5 28. Be2 Qf5 29. Bd3 {[%emt 0:01:46] normal} 0-1

[Event "GER-ch Youth U16w 2019"]
[Site "Willingen"]
[Date "2019.06.10"]
[Round "3.13"]
[White "Dietz, Helena"]
[Black "Genova, Magdalina"]
[Result "1/2-1/2"]
[ECO "B23"]
[WhiteElo "1534"]
[BlackElo "1421"]
[Annotator "NA"]
[PlyCount "30"]
[EventDate "2019.06.07"]
[EventType "swiss"]
[EventRounds "9"]
[EventCountry "GER"]
[SourceTitle "playchess.com"]
[Source "ChessBase"]
[SourceQuality "1"]
[TimeControl "40/5400+30:1800+30"]

1. e4 c5 2. Nc3 d6 3. f4 Nf6 4. Bb5+ Nbd7 5. Nf3 e6 6. O-O Be7 7. Bc4 a6 8. a4 b6 9. Qe1 Bb7 10. d3 d5 11. Bb3 O-O 12. f5 h6 13. Qg3 Kh7 14. fxe6 fxe6 15. Qh3 Ng8 {[%emt 0:02:27] normal} 1/2-1/2

[Event "GER-ch Youth U16w 2019"]
[Site "Willingen"]
[Date "2019.06.11"]
[Round "4.2"]
[White "Bardorz, Jana"]
[Black "Brunner, Sophia"]
[Result "1-0"]
[ECO "C02"]
[WhiteElo "1769"]
[BlackElo "1839"]
[Annotator "NA"]
[PlyCount "75"]
[EventDate "2019.06.07"]
[EventType "swiss"]
[EventRounds "9"]
[EventCountry "GER"]
[SourceTitle "playchess.com"]
[Source "ChessBase"]
[SourceQuality "1"]
[TimeControl "40/5400+30:1800+30"]

1. e4 e6 2. d4 d5 3. e5 c5 4. c3 Nc6 5. Nf3 Qb6 6. a3 Bd7 7. b4 cxd4 8. cxd4 Rc8 9. Bb2 Nge7 10. Nc3 Nf5 11. Na4 Qd8 12. Bd3 Be7 13. O-O b6 14. Nc3 Nh4 15. Nxh4 Bxh4 16. f4 Nxd4 17. Ba6 Nf5 18. Bxc8 Qxc8 19. Rf3 Nh6 20. Ne2 O-O 21. Nd4 f5 22. Rc3 Qb7 23. Rac1 Bd8 24. b5 a6 25. a4 Ng4 26. h3 Nh6 27. Nc6 Re8 28. Ba3 Bxc6 29. bxc6 Qc7 30. Bd6 Qc8 31. c7 Be7 32. Qb3 Nf7 33. Qxb6 g6 34. Bxe7 Rxe7 35. Qb8 Re8 36. Qxc8 Rxc8 37. Rb3 Kf8 38. Rb8 {[%emt 0:00:30] normal} 1-0

[Event "GER-ch Youth U16w 2019"]
[Site "Willingen"]
[Date "2019.06.11"]
[Round "4.3"]
[White "Fock, Amina"]
[Black "Khamenya, Vitalia"]
[Result "1-0"]
[ECO "C77"]
[WhiteElo "1723"]
[BlackElo "1877"]
[Annotator "NA"]
[PlyCount "66"]
[EventDate "2019.06.07"]
[EventType "swiss"]
[EventRounds "9"]
[EventCountry "GER"]
[SourceTitle "playchess.com"]
[Source "ChessBase"]
[SourceQuality "1"]
[TimeControl "40/5400+30:1800+30"]

1. e4 e5 2. Nf3 Nc6 3. Bb5 a6 4. Ba4 Nf6 5. d3 b5 6. Bb3 Bc5 7. Nc3 d6 8. Nd5 O-O 9. c3 h6 10. O-O Na5 11. Bc2 Nxd5 12. exd5 Bb6 13. b4 Nb7 14. d4 Bg4 15. Qd3 f5 16. dxe5 Bxf3 17. Qxf3 dxe5 18. Bxf5 Nd6 19. Be6+ Kh8 20. Qe2 Nc4 21. a4 Qf6 22. axb5 axb5 23. Rxa8 Rxa8 24. Bd7 Nd6 25. Be3 Bxe3 26. Qxe3 Ra3 27. Qc5 Ne4 28. Qxc7 Rxc3 29. Qb8+ Kh7 30. Qxb5 Nd2 31. Rd1 Qg5 32. Qe2 Nf3+ 33. Kh1 Nh4 {[%emt 0:01:43] normal} 1-0

[Event "GER-ch Youth U16w 2019"]
[Site "Willingen"]
[Date "2019.06.11"]
[Round "4.9"]
[White "Schneider, Katharina"]
[Black "Rudolph, Eva"]
[Result "0-1"]
[ECO "C42"]
[WhiteElo "1784"]
[BlackElo "1786"]
[Annotator "NA"]
[PlyCount "102"]
[EventDate "2019.06.07"]
[EventType "swiss"]
[EventRounds "9"]
[EventCountry "GER"]
[SourceTitle "playchess.com"]
[Source "ChessBase"]
[SourceQuality "1"]
[TimeControl "40/5400+30:1800+30"]

1. e4 e5 2. Nf3 Nf6 3. Nxe5 Nxe4 4. Qe2 Qe7 5. Qxe4 d6 6. d4 dxe5 7. dxe5 Nc6 8. f4 Bg4 9. Be2 f5 10. Qc4 O-O-O 11. Be3 g5 12. g3 Bxe2 13. Qxe2 gxf4 14. gxf4 Nd4 15. Qf2 Qc5 16. Na3 Qd5 17. O-O-O Bxa3 18. bxa3 Ne2+ 19. Qxe2 Qxa2 20. Bd4 Rxd4 21. Rxd4 Qa1+ 22. Kd2 Qxd4+ 23. Qd3 Qxf4+ 24. Ke2 Qxe5+ 25. Kf2 Qc5+ 26. Kf1 Rd8 27. Qe2 Qd5 28. Rg1 Qd1+ 29. Qxd1 Rxd1+ 30. Kf2 Rxg1 31. Kxg1 Kd7 32. Kf2 Ke6 33. Kf3 Ke5 34. h4 b5 35. c3 h5 36. Ke3 f4+ 37. Kd3 c5 38. c4 bxc4+ 39. Kxc4 f3 40. Kd3 Kf4 41. Kd2 Kg3 42. Ke1 Kg2 43. Kd2 f2 44. Kc3 f1=Q 45. Kb3 Qd3+ 46. Ka4 c4 47. Kb4 c3 48. a4 c2 49. a5 c1=Q 50. a6 Qdc4+ 51. Ka5 Qa3# {[%emt 0:00:30] normal} 0-1

[Event "GER-ch Youth U16w 2019"]
[Site "Willingen"]
[Date "2019.06.11"]
[Round "4.10"]
[White "Meijerink, Inken"]
[Black "Sinnhoefer, Lilian"]
[Result "1/2-1/2"]
[ECO "C54"]
[WhiteElo "1681"]
[BlackElo "1396"]
[Annotator "NA"]
[PlyCount "76"]
[EventDate "2019.06.07"]
[EventType "swiss"]
[EventRounds "9"]
[EventCountry "GER"]
[SourceTitle "playchess.com"]
[Source "ChessBase"]
[SourceQuality "1"]
[TimeControl "40/5400+30:1800+30"]

1. e4 e5 2. Nf3 Nc6 3. Bc4 Bc5 4. c3 Nf6 5. d4 exd4 6. cxd4 Bb4+ 7. Bd2 Bxd2+ 8. Nbxd2 d5 9. exd5 Nxd5 10. Qb3 Na5 11. Qa4+ c6 12. Bxd5 Qxd5 13. O-O b6 14. Rfe1+ Be6 15. Re5 Qd7 16. Ng5 O-O 17. Qc2 g6 18. Nxe6 fxe6 19. Nf3 Rf5 20. Rae1 Re8 21. b4 Nb7 22. Qb3 Rxe5 23. Nxe5 Qd5 24. Qc3 Nd8 25. a4 a6 26. Rc1 Rf8 27. f3 Rf4 28. Nxc6 Nxc6 29. Qxc6 Qxd4+ 30. Kh1 Qe3 31. b5 a5 32. h3 Kg7 33. Qc7+ Kh6 34. Qc2 Qd4 35. Qc6 Qe3 36. Ra1 Kg7 37. Qc7+ Kh6 38. Qc6 Kg7 {[%emt 0:00:31] normal} 1/2-1/2

[Event "GER-ch Youth U16w 2019"]
[Site "Willingen"]
[Date "2019.06.11"]
[Round "4.11"]
[White "Peschel, Julia"]
[Black "Dietz, Helena"]
[Result "1-0"]
[ECO "C54"]
[WhiteElo "1275"]
[BlackElo "1534"]
[Annotator "NA"]
[PlyCount "64"]
[EventDate "2019.06.07"]
[EventType "swiss"]
[EventRounds "9"]
[EventCountry "GER"]
[SourceTitle "playchess.com"]
[Source "ChessBase"]
[SourceQuality "1"]
[TimeControl "40/5400+30:1800+30"]

1. e4 e5 2. Nf3 Nc6 3. Bc4 Bc5 4. c3 Nf6 5. d3 d6 6. Bb3 Be6 7. Bc2 Bb6 8. Nbd2 Qe7 9. Nf1 O-O-O 10. c4 Nd4 11. Nxd4 Bxd4 12. Ne3 Qd7 13. Rb1 Bg4 14. f3 Be6 15. Ba4 c6 16. Nc2 Bb6 17. Be3 Nh5 18. Bxb6 axb6 19. Ne3 Qe7 20. Qd2 Rhf8 21. Bc2 g5 22. d4 exd4 23. Qxd4 Kc7 24. Kd2 Rfe8 25. Rhe1 Rg8 26. Nf5 Qd7 27. Rbd1 g4 28. fxg4 Rxg4 29. g3 Bxf5 30. h3 Rxg3 31. exf5 {[%emt 0:00:27] normal} Rg2+ 32. Kc1 Ng7 {[%emt 0:01:02] normal} 1-0

[Event "GER-ch Youth U16w 2019"]
[Site "Willingen"]
[Date "2019.06.11"]
[Round "4.12"]
[White "Huppert, Anna"]
[Black "Wucherer, Sophie"]
[Result "0-1"]
[ECO "B23"]
[WhiteElo "1515"]
[BlackElo "1496"]
[Annotator "NA"]
[PlyCount "137"]
[EventDate "2019.06.07"]
[EventType "swiss"]
[EventRounds "9"]
[EventCountry "GER"]
[SourceTitle "playchess.com"]
[Source "ChessBase"]
[SourceQuality "1"]
[TimeControl "40/5400+30:1800+30"]

1. e4 c5 2. Nc3 e6 3. f4 d5 4. e5 Nc6 5. Bb5 Nge7 6. Nf3 a6 7. Bxc6+ Nxc6 8. d4 Qb6 9. Ne2 Bd7 10. Rb1 cxd4 11. Nexd4 Nxd4 12. Nxd4 Qa5+ 13. Bd2 Qxa2 14. O-O Bc5 15. Be3 O-O 16. Kh1 Rac8 17. Rf3 f6 18. Rh3 fxe5 19. fxe5 Qc4 20. Qd2 Rf1+ 21. Rxf1 Qxf1+ 22. Bg1 Bxd4 23. Qxd4 Rxc2 24. Rg3 Qc4 25. Qb6 Qc7 26. Qb3 Rc1 27. Qe3 Bb5 28. h3 b6 29. Kh2 Qc5 30. Bf2 Qxe3 31. Bxe3 Rc2 32. Bd4 Bc4 33. b3 Be2 34. Bxb6 Rd2 35. Ba5 Rd1 36. Rc3 d4 37. Rc6 Kf7 38. Kg3 Bb5 39. Rc7+ Kg6 40. Kf4 Rf1+ 41. Ke4 d3 42. Re7 Rf2 43. Rxe6+ Kf7 44. Rd6 Re2+ 45. Kf4 Rxg2 46. Kf3 Rb2 47. Be1 Rxb3 48. Kg4 Rb2 49. h4 Ra2 50. Kf5 Bc4 51. Rd7+ Ke8 52. Rd4 Ra4 53. Bc3 Bb5 54. Rxa4 Bxa4 55. h5 Bc2 56. Kg5 Kf7 57. h6 g6 58. Kf4 Ke6 59. Ke3 Kf5 60. Kf2 g5 61. Kg3 Kg6 62. Kf3 Kxh6 63. e6 Kg6 64. Kg3 Kf5 65. e7 Ba4 66. Kf3 h5 67. Ke3 Bb5 {[%emt 0:00:50] normal} 68. e8=Q Bxe8 69. Kxd3 {[%emt 0:00:02] normal} 0-1

[Event "GER-ch Youth U16w 2019"]
[Site "Willingen"]
[Date "2019.06.11"]
[Round "4.13"]
[White "Genova, Magdalina"]
[Black "Jacoby, Angelina"]
[Result "0-1"]
[ECO "A13"]
[WhiteElo "1421"]
[BlackElo "1412"]
[Annotator "NA"]
[PlyCount "91"]
[EventDate "2019.06.07"]
[EventType "swiss"]
[EventRounds "9"]
[EventCountry "GER"]
[SourceTitle "playchess.com"]
[Source "ChessBase"]
[SourceQuality "1"]
[TimeControl "40/5400+30:1800+30"]

1. c4 e6 2. Nc3 d5 3. cxd5 exd5 4. d4 c6 5. Nf3 Bd6 6. e3 Nf6 7. Bd3 Nbd7 8. O-O O-O 9. Rb1 a5 10. a3 Re8 11. Qc2 Nf8 12. b4 Qc7 13. h3 Ng6 14. b5 Be6 15. Ra1 Qd7 16. Ng5 Nf8 17. bxc6 bxc6 18. Na4 Qc7 19. Nxe6 Nxe6 20. Nc5 Nd8 21. a4 Qe7 22. Ba3 h6 23. Be2 Ne4 24. Qc1 Nxc5 25. Bxc5 Bxc5 26. Qxc5 Qxc5 27. dxc5 Rb8 28. Rab1 Ne6 29. Rxb8 Rxb8 30. Rc1 Rb4 31. Ba6 Rxa4 32. Bb7 Rc4 33. Rxc4 dxc4 34. Bxc6 Nxc5 35. Kf1 a4 36. Bd5 Nb3 37. Bxc4 Nd2+ 38. Ke1 Nxc4 39. Kd1 Kf8 40. Kc2 Ke7 41. Kc3 a3 42. Kb3 Kd6 43. g3 Ke5 44. f3 Nxe3 45. Kxa3 Nf1 46. f4+ {[%emt 0:00:33] normal} 0-1

[Event "GER-ch Youth U16w 2019"]
[Site "Willingen"]
[Date "2019.06.12"]
[Round "5.1"]
[White "Muedder, Melanie"]
[Black "Bardorz, Jana"]
[Result "0-1"]
[ECO "C45"]
[WhiteElo "1912"]
[BlackElo "1769"]
[Annotator "NA"]
[PlyCount "60"]
[EventDate "2019.06.07"]
[EventType "swiss"]
[EventRounds "9"]
[EventCountry "GER"]
[SourceTitle "playchess.com"]
[Source "ChessBase"]
[SourceQuality "1"]
[TimeControl "40/5400+30:1800+30"]

1. e4 e5 2. Nf3 Nc6 3. d4 exd4 4. Nxd4 Qf6 5. Be3 Bc5 6. c3 Nge7 7. Bb5 a6 8. Ba4 b5 9. Bc2 Ne5 10. Nd2 d6 11. h3 Qg6 12. g4 h5 13. g5 f5 14. f4 Nc4 15. Nxc4 bxc4 16. exf5 Nxf5 17. Qe2 O-O 18. Bxf5 Bxf5 19. Qxc4+ Kh8 20. O-O-O Rae8 21. Nxf5 Rxe3 22. Nh4 Qe8 23. Qd5 Rxf4 24. Ng2 Re5 25. Qb7 Rf2 26. Rhe1 Ree2 27. Rxe2 Qxe2 28. Qc8+ Kh7 29. g6+ Kxg6 30. Nh4+ Kh7 {[%emt 0:00:36] normal} 0-1

[Event "GER-ch Youth U16w 2019"]
[Site "Willingen"]
[Date "2019.06.12"]
[Round "5.2"]
[White "Rothenberg, Nina"]
[Black "Fock, Amina"]
[Result "0-1"]
[ECO "A45"]
[WhiteElo "1653"]
[BlackElo "1723"]
[Annotator "NA"]
[PlyCount "82"]
[EventDate "2019.06.07"]
[EventType "swiss"]
[EventRounds "9"]
[EventCountry "GER"]
[SourceTitle "playchess.com"]
[Source "ChessBase"]
[SourceQuality "1"]
[TimeControl "40/5400+30:1800+30"]

1. d4 Nf6 2. Bg5 Ne4 3. Bf4 d5 4. e3 e6 5. Nf3 c5 6. c3 Nc6 7. Bd3 Nf6 8. O-O Be7 9. Nbd2 cxd4 10. exd4 O-O 11. Re1 Nh5 12. Be3 Bd6 13. Ne5 g6 14. Ndf3 f6 15. Nxc6 bxc6 16. Qc2 Qc7 17. h3 Nf4 18. Bf1 a5 19. Rad1 Qg7 20. Qd2 g5 21. g3 Ng6 22. Bg2 Ne7 23. Qc2 Nf5 24. Bc1 g4 25. hxg4 Qxg4 26. c4 h5 27. cxd5 cxd5 28. a3 h4 29. Nxh4 Nxh4 30. gxh4 Ra7 31. Bh6 Rd8 32. f3 Qg3 33. Qf2 Qh2+ 34. Kf1 Bg3 35. Qc2 Ba6+ 36. Re2 Bxe2+ 37. Qxe2 Re7 38. Qc2 Qxh4 39. Qg6+ Kh8 40. Ke2 Rg8 41. Qc2 {[%emt 0:31:10] normal} Qxh6 {[%emt 0:33:18] normal} 0-1